 Dungeon Crawl Stone Soup version 0.31-a0-743-g45f7035092 (webtiles) character file.

Game seed: 15613016918127004632

17182 demibob the Skirmisher (level 12, -6/110 HPs)
             Began as a Minotaur Chaos Knight on Sept 13, 2023.
             Was a Plaything of Xom.
             Mangled by a death yak (20 damage)
             ... on level 1 of the Lair of Beasts.
             The game lasted 00:21:41 (10369 turns).

demibob the Skirmisher (Minotaur Chaos Knight)     Turns: 10369, Time: 00:21:42

Health: -6/110     AC: 11    Str: 20    XL:     12   Next: 16%
Magic:  9/9        EV: 11    Int:  5    God:    Xom [..*...]
Gold:   832        SH:  0    Dex: 12    Spells: 11/11 levels left

rFire   + + .        a - +2 whip (elec)
rCold   + . .        (no shield)
rNeg    . . .        h - +2 leather armour
rPois   .            (helmet restricted)
rElec   .            n - scarf {rC+ rF+}
rCorr   .            y - +0 pair of gloves
SInv    .            q - +0 pair of boots
Will    .....        d - amulet of regeneration
Stlth   +            L - ring of flight
HPRegen 1.18/turn    (no ring)
MPRegen 0.11/turn

%: no passive effects
@: mighty, weak-willed, enlightened, flying
A: horns 2, retaliatory headbutt, iridescent scales 1, deterioration 1, dopey 2,
fire resistance 1, low MP 1
a: Renounce Religion


You were on level 1 of the Lair of Beasts.
You worshipped Xom.
You were a toy of Xom.
You visited 2 branches of the dungeon, and saw 12 of its levels.

You collected 832 gold pieces.


Innate Abilities, Weirdness & Mutations

You have a pair of horns on your head.
You reflexively headbutt those who attack you in melee.
You are partially covered in iridescent scales. (AC +2)
Your body sometimes deteriorates upon taking damage.
You are very dopey. (Int -4)
Your flesh is heat resistant. (rF+)
Your magical capacity is low. (-10% MP)


   Skills:
 + Level 11.0 Fighting
 - Level 12.0 Maces & Flails
 - Level 14.0 Ranged Weapons
 + Level 10.6 Armour
 - Level 1.1 Dodging


You had 11 spell levels left.
You didn't know any spells.
Your spell library contained the following spells:

 Spells                   Type           Power      Damage    Failure   Level
 Magic Dart               Conj           0%         1d3       52%         1
 Blink                    Tloc           0%         N/A       65%         2
 Call Imp                 Summ           0%         N/A       65%         2
 Ensorcelled Hibernation  Hex/Ice        0%         N/A       65%         2
 Lesser Beckoning         Tloc           0%         N/A       65%         2
 Momentum Strike          Conj/Tloc      0%         3d8       65%         2
 Passwall                 Tmut/Erth      0%         N/A       65%         2
 Mephitic Cloud           Conj/Pois/Air  0%         N/A       87%         3
 Swiftness                Air            0%         N/A       87%         3
 Animate Dead             Necr           0%         N/A       99%         4
 Manifold Assault         Tloc           0%         N/A       99%         4
 Haunt                    Necr/Summ      0%         N/A       100%        7
 Infestation              Necr           0%         N/A       100%        8

Inventory:

Hand Weapons
 a - a +2 whip of electrocution (weapon)
 b - the +9 sling of Blood-Lust {elec, rN+}
   (You found it on level 5 of the Dungeon)

   rN+:       It protects you from negative energy.
 c - a +1 mace of chaos
Missiles
 s - 2 curare-tipped darts {=f}
Armour
 h - a +2 leather armour (worn)
 n - a scarf of resistance (worn)
 q - a +0 pair of boots (worn)
 y - a +0 pair of gloves (worn)
Jewellery
 d - an amulet of regeneration (around neck)
 v - a ring of see invisible
 C - a ring of ice
 L - a ring of flight (left hand)
 Z - a ring of wizardry
Wands
 f - a wand of iceblast (10)
 o - a wand of light (11)
 u - a wand of paralysis (14)
 w - a wand of polymorph (2)
 B - a wand of digging (5)
Scrolls
 m - 4 scrolls of enchant weapon
 p - 5 scrolls of identify {@r1}
 x - a scroll of acquirement {unknown}
Potions
 e - 2 potions of brilliance
 i - 2 potions of invisibility
 j - a potion of attraction
 k - a potion of resistance
 l - a potion of lignification
 r - 4 potions of might
 t - 3 potions of mutation
 A - a potion of ambrosia

Dungeon Overview and Level Annotations

Branches:
Dungeon (11/15)            Temple (0/1) D:7            Lair (1/5) D:11
    Orc (0/2) D:9

Altars:
Dithmenos
Gozag
Hepliaklqana
Kikubaaqudgha
Makhleb
Nemelex Xobeh
Ru
Sif Muna
Uskayaw
Vehumet
Wu Jian

Portals:
Trove: D:11 (give +4 shadow dragon scales)

Annotations:
D:7 3 transporters

.##...P~~P...#.~P~PPP....#.....(.
......~~.P...#..PP~~P............
.#.....PP.##.....PP~~.........P..
.##...#.#.##.....~.#............(
..#...#.#..#.....P...#...........
.............#.P.††..#...........
........#....#.#.#.....#...P...P.
....#........#.#.#...#...........
....#...#.(Y.#.#@........P.......
.............Y§Y§............P...
####P######P#########............
## ### ###.##......# #####.....#
##..... ######


You could see 2 death yaks.


Message History

The death yak is lightly wounded.
The death yak gores you.
You whack the death yak!
The death yak is moderately wounded.
You strike the helpless death yak from behind!
You whack the death yak! You headbutt the death yak.
The death yak is heavily wounded.
The death yak is no longer blind.
The death yak gores you!!
You whack the death yak!
The death yak is heavily wounded.
You hit the death yak.
The death yak is heavily wounded.
The death yak gores you!
* * * LOW HITPOINT WARNING * * *
You are too injured to fight recklessly!
You barely miss the death yak. Your headbutt misses the death yak.
The death yak is heavily wounded.
As you read the scroll labelled MIUPPA DUIJUDUA, it crumbles to dust.
Magic quickly surges around you.
It was a scroll of vulnerability.
The death yak attacks as it pursues you!
The death yak gores you!
* * * LOW HITPOINT WARNING * * *
The death yak gores you!!
* * * LOW HITPOINT WARNING * * *
You emit a cloud of colourful smoke!
Okay, then.
You feel more buoyant. The death yak gores you!!
You die...
Xom laughs nastily!

Skill      XL: |  1  2  3  4  5  6  7  8  9 10 11 12 |
---------------+-------------------------------------+-----
Maces & Flails | 4 5 7 8 9 11 12 | 12.0
Ranged Weapons | 2 7 11 14 | 14.0
Fighting       | 6 10 11 | 11.0
Armour         | 5 10 | 10.6
Dodging        | |  1.1

Action                     |  1- 3 |  4- 6 |  7- 9 | 10-12 || total
---------------------------+-------+-------+-------+-------++-------
  Melee: Mace              |    46 |     2 |       |       ||    48
         Headbutt          |     4 |    15 |    39 |    63 ||   121
         Punch             |     2 |     1 |     1 |     4 ||     8
         Whip              |       |    93 |   254 |   282 ||   629
   Fire: Sling             |       |       |    80 |   232 ||   312
  Evoke: Wand              |       |       |       |    11 ||    11
    Use: Scroll            |     3 |     5 |     3 |     9 ||    20
         Potion            |     1 |     1 |     5 |     7 ||    14
   Stab: Invisible         |       |       |     2 |     6 ||     8
         Paralysed         |       |       |       |     2 ||     2
         Distracted        |       |       |       |     1 ||     1
         Confused          |       |       |       |     2 ||     2
 Armour: Leather armour    |    21 |    45 |   130 |   171 ||   367
  Dodge: Dodged            |    18 |    42 |    86 |   106 ||   252

Levels and vault maps discovered:
D:1:      dpeg_arrival_rhombi, layout_rooms, minmay_misc_feat_pillars
D:2:      minmay_skewed_foursquare, layout_basic, basic_ecumenical_altar,
          chequers_serial_rivers_room_a
D:3:      layout_basic, lemuel_tele_altar, vehumet_crystals, uniq_ijyb
D:4:      layout_loops_corners, mainiacjoe_overflow_paths, tgw_kikubaaqudgha,
          chequers_temple_overflow_minitemple, uniq_crazy_yiuf_cottage
D:5:      layout_basic
D:6:      layout_loops_ring, uniq_grinder
D:7:      gammafunk_wand_slinger, layout_loops_ring,
          gammafunk_temple_overflow_arena, minmay_temple_entry_wispy,
          grunt_decor_fettered
D:8:      layout_loops_ring, nicolae_sif_muna_little_library, st_stairs_5,
          uniq_maurice, uniq_psyche, uniq_maggie
D:9:      layout_irregular_city, nicolae_uskayaw_en_pointe, erik_orc_2
D:10:     layout_loops_ring, lemuel_doored_altar, st_stairs_5
D:11:     layout_long_grid, erik_lair_dragon, nicolae_trove_entry_isolated,
          gauntlet_entry_generic
Lair:1:   layout_long_grid, serial_bayou_lagoon_a, minivault_24,
          lemuel_fruit_tree, uniq_nergalle

Notes
Turn   | Place    | Note
-------+----------+-------------------------------------------
     0 | D:1      | demibob the Minotaur Chaos Knight began the quest for the
                  | Orb.
     0 | D:1      | Reached XP level 1. HP: 19/19 MP: 0/0
    57 | D:1      | Reached skill level 4 in Maces & Flails
   125 | D:1      | Reached XP level 2. HP: 26/26 MP: 1/1
   131 | D:1      | XOM: noise
   145 | D:1      | XOM: silly message
   314 | D:1      | XOM: silly message
   472 | D:2      | Found a faded altar of an unknown god.
   493 | D:2      | Reached skill level 5 in Maces & Flails
   493 | D:2      | Reached XP level 3. HP: 31/31 MP: 2/2
   502 | D:2      | an adder changed into a glowing shapeshifter
   502 | D:2      | Noticed a glowing shapeshifter (glowing shapeshifter)
   502 | D:2      | a glowing shapeshifter changed into a deep troll
   502 | D:2      | Noticed a deep troll (glowing shapeshifter)
   505 | D:2      | >>xom
   505 | D:2      | >>buddy
   507 | D:2      | a deep troll changed into a death drake
   507 | D:2      | Noticed a death drake (glowing shapeshifter)
   509 | D:2      | a death drake changed into an elephant
   509 | D:2      | Noticed an elephant (glowing shapeshifter)
   511 | D:2      | an elephant changed into a glowing orange brain
   511 | D:2      | Noticed a glowing orange brain (glowing shapeshifter)
   517 | D:2      | a glowing orange brain changed into a water nymph
   517 | D:2      | Noticed a water nymph (glowing shapeshifter)
   520 | D:2      | a water nymph changed into a sea snake
   520 | D:2      | Noticed a sea snake (glowing shapeshifter)
   521 | D:2      | a sea snake changed into a water nymph
   521 | D:2      | Noticed a water nymph (glowing shapeshifter)
   522 | D:2      | a water nymph changed into a faun
   522 | D:2      | Noticed a faun (glowing shapeshifter)
   525 | D:2      | a faun changed into a redback
   525 | D:2      | Noticed a redback (glowing shapeshifter)
   526 | D:2      | a redback changed into a komodo dragon
   526 | D:2      | Noticed a komodo dragon (glowing shapeshifter)
   531 | D:2      | a komodo dragon changed into a spriggan
   531 | D:2      | Noticed a spriggan (glowing shapeshifter)
   535 | D:2      | Killed a spriggan
   536 | D:2      | Reached skill level 7 in Maces & Flails
   536 | D:2      | Reached XP level 4. HP: 21/39 MP: 3/3
   536 | D:2      | Reached XP level 5. HP: 25/45 MP: 4/4
   671 | D:2      | XOM: silly message
   705 | D:2      | XOM: silly message
  1325 | D:2      | XOM: divination: detect creatures
  1432 | D:3      | Noticed Ijyb
  1439 | D:3      | Killed Ijyb
  1440 | D:3      | Reached skill level 8 in Maces & Flails
  1443 | D:3      | Reached XP level 6. HP: 42/51 MP: 5/5
  1639 | D:3      | Identified a scarf of resistance
  1673 | D:3      | Found a radiant altar of Vehumet.
  2263 | D:3      | Found an ornate altar of the Wu Jian Council.
  2314 | D:4      | XOM: silly message
  2334 | D:4      | Identified the +2 long sword "Ruk Qos" {freeze, Stlth+}
  2660 | D:4      | Found a sparkling altar of Nemelex Xobeh.
  2690 | D:4      | Found a runed translucent door.
  2691 | D:4      | Noticed Crazy Yiuf
  2720 | D:4      | Reached skill level 9 in Maces & Flails
  2777 | D:4      | XOM: 2-stop teleportation journey
  2779 | D:4      | Killed Crazy Yiuf
  2950 | D:4      | XOM: potion effect (invisibility)
  2967 | D:4      | Reached XP level 7. HP: 38/57 MP: 6/6
  3286 | D:4      | Found an ancient bone altar of Kikubaaqudgha.
  3286 | D:4      | Noticed a human
  3289 | D:4      | Killed a human
  3476 | D:4      | Found a burning altar of Makhleb.
  3476 | D:4      | Found a hazy altar of Hepliaklqana.
  3484 | D:4      | Found a faded altar of an unknown god.
  3486 | D:4      | Found a faded altar of an unknown god.
  3488 | D:4      | Found an opulent altar of Gozag.
  3569 | D:5      | Entered Level 5 of the Dungeon
  3605 | D:5      | XOM: 1-stop teleportation journey
  3716 | D:5      | Reached skill level 10 in Maces & Flails
  3848 | D:5      | XOM: 1-stop teleportation journey
  3850 | D:5      | XOM: enchant monster (good)
  3876 | D:5      | Gained mutation: You are partially covered in iridescent
                  | scales. (AC +2) [potion of mutation]
  3876 | D:5      | Gained mutation: You are robust. (+10% HP) [potion of
                  | mutation]
  4082 | D:5      | XOM: 2-stop teleportation journey
  4389 | D:5      | Identified the +9 sling of Blood-Lust {elec, rN+}
  4457 | D:6      | Noticed Grinder
  4463 | D:6      | XOM: confuse monster(s)
  4471 | D:6      | Paralysed by Grinder for 4 turns
  4476 | D:6      | Killed Grinder
  4477 | D:6      | Reached skill level 11 in Maces & Flails
  4477 | D:6      | Reached skill level 2 in Ranged Weapons
  4497 | D:6      | Reached XP level 8. HP: 70/70 MP: 7/7
  4536 | D:6      | Reached skill level 3 in Ranged Weapons
  4601 | D:6      | XOM: silly message
  4687 | D:6      | Reached skill level 4 in Ranged Weapons
  4714 | D:6      | XOM: polymorph scorpion -> bullfrog
  4715 | D:6      | Reached skill level 12 in Maces & Flails
  4718 | D:6      | Reached skill level 5 in Ranged Weapons
  4745 | D:6      | XOM: stat loss: -1 Int (8/9)
  4811 | D:6      | Reached skill level 6 in Ranged Weapons
  4816 | D:6      | Reached skill level 7 in Ranged Weapons
  4826 | D:6      | Reached XP level 9. HP: 24/77 MP: 8/8
  4829 | D:6      | Reached skill level 8 in Ranged Weapons
  4939 | D:6      | XOM: chaos cloud
  4941 | D:6      | XOM: give mutations
  4941 | D:6      | Gained mutation: You are dopey. (Int -2) [Xom's mischief]
  4941 | D:6      | Gained mutation: You possess an exceptional clarity of
                  | mind. [Xom's mischief]
  4941 | D:6      | Gained mutation: Your muscles are strong. (Str +4, Int/Dex
                  | -1) [Xom's mischief]
  4941 | D:6      | Gained mutation: You have hidden genetic defects. [Xom's
                  | mischief]
  5014 | D:6      | Reached skill level 9 in Ranged Weapons
  5128 | D:6      | XOM: chaos upgrade
  5404 | D:7      | Gained mutation: You are very dopey. (Int -4) [hidden
                  | defects]
  5487 | D:7      | Found a transporter.
  5493 | D:7      | Found a transporter.
  5510 | D:7      | Identified the +3 leather armour of Betetir {-Tele Rampage
                  | SInv}
  5517 | D:7      | Noticed a kobold demonologist
  5520 | D:7      | XOM: fake destruction
  5522 | D:7      | Reached skill level 10 in Ranged Weapons
  5523 | D:7      | XOM: enchant monster (bad)
  5578 | D:7      | Found a transporter.
  5582 | D:7      | Noticed a gargoyle
  5592 | D:7      | Noticed a purple ugly thing
  5599 | D:7      | Found a sacrificial altar of Ru.
  5615 | D:7      | Found a transporter.
  5771 | D:7      | Found a staircase to the Ecumenical Temple.
  5804 | D:7      | XOM: god gift: 17 gold pieces
  5804 | D:7      | XOM: smoke on damage
  5810 | D:7      | Reached skill level 11 in Ranged Weapons
  5824 | D:7      | Gained mutation: Your magical capacity is low. (-10% MP)
                  | [hidden defects]
  5824 | D:7      | Lost mutation: You have hidden genetic defects. [hidden
                  | defects expressed]
  5994 | D:7      | XOM: god gift: +2 vampiric falchion
  6364 | D:8      | XOM: 1-stop teleportation journey
  6411 | D:8      | Noticed Maurice
  6419 | D:8      | XOM: potion effect (invisibility)
  6424 | D:8      | XOM: summons friendly shadow imp
  6426 | D:8      | Reached XP level 10. HP: 61/84 MP: 8/8
  6427 | D:8      | Noticed Maggie
  6436 | D:8      | Killed Maggie
  6439 | D:8      | Killed Maurice
  6440 | D:8      | Reached skill level 12 in Ranged Weapons
  6613 | D:8      | Noticed Psyche
  6640 | D:8      | Killed Psyche
  6641 | D:8      | Reached skill level 13 in Ranged Weapons
  6745 | D:8      | XOM: god gift: wand of light (5)
  6824 | D:8      | Found a shimmering blue altar of Sif Muna.
  7136 | D:9      | XOM: fake destruction
  7165 | D:9      | Noticed a cyclops
  7170 | D:9      | Killed a cyclops
  7191 | D:9      | XOM: cast spell 'Summon Small Mammal'
  7243 | D:9      | XOM: summons 2 friendly demons
  7263 | D:9      | Noticed a +0 dagger
  7263 | D:9      | Noticed a +0 spear
  7263 | D:9      | Noticed a +0 short sword
  7264 | D:9      | Noticed a +0 short sword
  7264 | D:9      | Noticed a +0 falchion
  7265 | D:9      | Noticed a +0 spear
  7265 | D:9      | Noticed a +0 dagger
  7267 | D:9      | Noticed a +0 falchion
  7276 | D:9      | Found a hide-covered altar of Uskayaw.
  7344 | D:9      | Reached skill level 14 in Ranged Weapons
  7425 | D:9      | XOM: silly message
  7429 | D:9      | Noticed a two-headed ogre
  7440 | D:9      | Killed a two-headed ogre
  7441 | D:9      | Reached skill level 5 in Fighting
  7441 | D:9      | Reached skill level 4 in Armour
  7607 | D:9      | XOM: enchant monster (bad)
  7610 | D:9      | XOM: chaos upgrade
  7621 | D:9      | XOM: give mutation
  7621 | D:9      | Gained mutation: Your flesh is heat resistant. (rF+) [Xom's
                  | mischief]
  7681 | D:9      | Found a staircase to the Orcish Mines.
  7706 | D:9      | Noticed a two-headed ogre
  7714 | D:9      | Killed a two-headed ogre
  7715 | D:9      | Reached skill level 6 in Fighting
  7715 | D:9      | Reached skill level 5 in Armour
  7715 | D:9      | Reached XP level 11. HP: 97/97 MP: 8/8
  7966 | D:9      | Identified a potion of resistance
  7981 | D:10     | Entered Level 10 of the Dungeon
  8011 | D:10     | Found a shadowy altar of Dithmenos.
  8069 | D:10     | XOM: summons 4 hostile shadow creatures
  8073 | D:10     | XOM: enchant monster (bad)
  8161 | D:10     | Reached skill level 6 in Armour
  8419 | D:10     | Noticed a two-headed ogre
  8421 | D:10     | a two-headed ogre changed into a goliath frog
  8421 | D:10     | Noticed a goliath frog
  8421 | D:10     | XOM: polymorph two-headed ogre -> goliath frog
  8427 | D:10     | Killed a goliath frog
  8428 | D:10     | Reached skill level 7 in Fighting
  8472 | D:10     | XOM: silly message
  8737 | D:10     | XOM: give mutations
  8737 | D:10     | Lost mutation: You are robust. (+10% HP) [Xom's mischief]
  8737 | D:10     | Lost mutation: You possess an exceptional clarity of mind.
                  | [Xom's mischief]
  8737 | D:10     | Gained mutation: Your body sometimes deteriorates upon
                  | taking damage. [Xom's mischief]
  8737 | D:10     | Lost mutation: Your muscles are strong. (Str +4, Int/Dex
                  | -1) [Xom's mischief]
  8810 | D:11     | XOM: confusion
  8822 | D:11     | Reached skill level 7 in Armour
  8856 | D:11     | Noticed a two-headed ogre
  8865 | D:11     | Killed a two-headed ogre
  8866 | D:11     | Reached skill level 8 in Fighting
  8971 | D:11     | Found a portal to a secret trove of treasure.
  9076 | D:11     | Reached skill level 8 in Armour
  9118 | D:11     | Reached skill level 9 in Fighting
  9382 | D:11     | XOM: 1-stop teleportation journey
  9453 | D:11     | XOM: stat loss: -1 Int (4/5)
  9613 | D:11     | XOM: chaos cloud
  9636 | D:11     | Reached skill level 9 in Armour
  9797 | D:11     | Found a staircase to the Lair.
  9951 | Lair:1   | Entered Level 1 of the Lair of Beasts
  9952 | Lair:1   | Noticed Nergalle
  9966 | Lair:1   | Killed Nergalle
  9967 | Lair:1   | Reached skill level 10 in Fighting
 10209 | Lair:1   | XOM: noise
 10218 | Lair:1   | Reached skill level 10 in Armour
 10218 | Lair:1   | Reached XP level 12. HP: 107/107 MP: 9/9
 10325 | Lair:1   | Noticed a death yak
 10345 | Lair:1   | Noticed a death yak
 10347 | Lair:1   | Noticed a death yak
 10347 | Lair:1   | Noticed a death yak
 10349 | Lair:1   | Killed a death yak
 10352 | Lair:1   | Noticed a death yak
 10353 | Lair:1   | Noticed a death yak
 10357 | Lair:1   | XOM: blink monster(s)
 10358 | Lair:1   | Killed a death yak
 10359 | Lair:1   | Reached skill level 11 in Fighting
 10367 | Lair:1   | HP: 11/110 [death yak (23)]
 10367 | Lair:1   | XOM: smoke on damage
 10369 | Lair:1   | Mangled by a death yak

Vanquished Creatures
  3 two-headed ogres
  2 death yaks (Lair:1)
  Nergalle (Lair:1)
  A goliath frog (D:10)
  A cyclops (D:9)
  Maurice (D:8)
  A cane toad (Lair:1)
  6 komodo dragons
  Maggie (D:8)
  Psyche (D:8)
  A kobold demonologist (D:11)
  A hornet (D:10)
  Grinder (D:6)
  2 slime creatures (D:11)
  A spriggan (shapeshifter) (D:2)
  11 yaks
  3 wyverns
  A steam dragon (D:9)
  2 basilisks (D:11)
  A vampire mosquito (D:11)
  An acid dragon (D:11)
  4 water moccasins
  A swamp drake (D:11)
  An ice beast (D:7)
  11 orc warriors
  A black bear (D:6)
  5 sky beasts
  An ogre (D:6)
  5 wolves (Lair:1)
  4 centaurs
  A phantom (D:6)
  2 kobold brigands
  6 bullfrogs
  3 scorpions
  6 wights
  4 killer bees
  A howler monkey (D:4)
  3 electric eels (D:9)
  3 hounds
  Crazy Yiuf (D:4)
  11 orc priests
  A gnoll bouda (D:7)
  4 jellies
  14 orc wizards
  Ijyb (D:3)
  5 iguanas
  9 gnolls
  8 adders
  3 white imps
  2 ufetubi
  2 dart slugs (D:2)
  41 orcs
  6 endoplasms
  5 giant cockroaches
  6 goblins
  11 hobgoblins
  2 jackals (D:2)
  16 kobolds
  A quokka (D:2)
  6 ball pythons
  5 bats
  6 frilled lizards
  4 rats
275 creatures vanquished.

Vanquished Creatures (collateral kills)
  A cyclops (D:11)
  A shadow (D:11)
  A slime creature (D:11)
  A vampire mosquito (D:11)
  An orc warrior (D:11)
  A killer bee (D:9)
  An orc wizard (D:11)
  An orc (D:11)
  2 kobolds (D:11)
10 creatures vanquished.

Vanquished Creatures (others)
  A human (D:4)
1 creature vanquished.

Grand Total: 286 creatures vanquished

Table legend: (Time is in decaauts)
 A = Elapsed time spent in this place.
 B = Non-inter-level travel time spent in this place.
 C = Inter-level travel time spent in this place.
 D = Time resting spent in this place.
 E = Time spent auto-exploring this place.
 F = Levels seen in this place.
 G = Mean time per level.
                   A        B        C        D        E       F      G
               +--------+--------+--------+--------+--------+-----+--------+
         Total |   9966 |   9654 |    312 |    192 |   7810 |  12 |  830.5 |
       Dungeon |   9591 |   9280 |    311 |    192 |   7542 |  11 |  871.9 |
          Lair |    375 |    375 |      0 |      0 |    268 |   1 |  375.0 |
               +--------+--------+--------+--------+--------+-----+--------+

Top non-repeatable levels by time:
     D:4: 1256 daAuts
    D:11: 1063 daAuts
     D:2: 964 daAuts
     D:7: 878 daAuts
     D:5: 867 daAuts
     D:6: 866 daAuts
     D:3: 854 daAuts
     D:9: 831 daAuts
    D:10: 787 daAuts
     D:8: 756 daAuts
     D:1: 463 daAuts
  Lair:1: 375 daAuts

Table legend:
 A = Non-vault XP
 B = Vault XP
 C = Vault XP percentage of total XP
 D = Non-vault monster count
 E = Vault monster count
 F = Vault count percentage of total count
                 A         B        C        D         E       F
            +---------+---------+-------+---------+---------+-------
      Total |   19075 |    5472 |  22.3 |     241 |      44 |  15.4
            +---------+---------+-------+---------+---------+-------
        D:1 |      31 |       0 |   0.0 |      19 |       0 |   0.0
        D:2 |     274 |      26 |   8.7 |      23 |       5 |  17.9
        D:3 |      79 |      36 |  31.3 |      16 |       1 |   5.9
        D:4 |     285 |      41 |  12.6 |      17 |       1 |   5.6
        D:5 |     364 |       0 |   0.0 |      12 |       0 |   0.0
        D:6 |    2561 |     272 |   9.6 |      23 |       1 |   4.2
        D:7 |    1391 |       0 |   0.0 |      33 |       0 |   0.0
        D:8 |     789 |    1314 |  62.5 |      17 |       5 |  22.7
        D:9 |    3359 |     624 |  15.7 |      23 |      20 |  46.5
       D:10 |    1683 |     733 |  30.3 |      17 |       3 |  15.0
       D:11 |    4596 |    1655 |  26.5 |      27 |       7 |  20.6
     Lair:1 |    3663 |     771 |  17.4 |      14 |       1 |   6.7
            +---------+---------+-------+---------+---------+-------
